 Dungeon Crawl Stone Soup version 0.27.0-1-g7a089689b8 (webtiles) character file.

Game seed: 13625140574528403243

5163 Sobieck the Destroyer (level 10, -8/69 HPs)
             Began as a Demigod Conjurer on Aug 5, 2021.
             Mangled by a centaur warrior (14 damage)
             ... on level 11 of the Dungeon.
             The game lasted 00:22:09 (11307 turns).

Sobieck the Destroyer (Demigod Conjurer)           Turns: 11307, Time: 00:22:10

Health: -8/69      AC: 13    Str:  8    XL:     10   Next: 12%
Magic:  19/21      EV: 11    Int: 32    God:
Gold:   467        SH:  0    Dex: 12    Spells: 8/19 levels left

rFire    . . .     SeeInvis .   D - +4 broad axe {axe}
rCold    . . .     Faith    .   (no shield)
rNeg     . . .     Spirit   .   C - +0 acid dragon scales
rPois    .         Reflect  .   (no helmet)
rElec    .         Harm     .   i - +1 cloak
rCorr    +         Rampage  .   E - +2 pair of gloves
Will     +....                  z - +1 pair of boots
Stlth    +.........             (no amulet)
HPRegen  0.21/turn              (no ring)
MPRegen  0.17/turn              (no ring)

@: mighty, brilliant, very slightly contaminated
A: high mp 1, forlorn
a: no special abilities


You were on level 11 of the Dungeon.
You visited 1 branch of the dungeon, and saw 11 of its levels.

You collected 495 gold pieces.
You spent 28 gold pieces at shops.


Innate Abilities, Weirdness & Mutations

Your attributes grow dramatically as you level up.
You have an increased reservoir of magic. (+10% MP)
You shall have no god before yourself.


   Skills:
 + Level 6.5 Axes
 - Level 1.7 Dodging
 - Level 1.7 Stealth
 - Level 5.0 Spellcasting
 + Level 10.7 Conjurations
 - Level 5.0 Hexes


You had 8 spell levels left.
You knew the following spells:

 Your Spells              Type           Power      Damage    Failure   Level
a - Magic Dart            Conj           100%       1d8       1%          1
b - Searing Ray           Conj           100%       3d7       1%          2
c - Fulminant Prism       Conj/Hex       36%        3d18      3%          4
d - Iskenderun's Mystic   Conj/Tloc      59%        2d12      10%         4

Your spell library contained the following spells:

 Spells                   Type           Power      Damage    Failure   Level
 Static Discharge         Conj/Air       59%        N/A       1%          2
 Dazzling Flash           Conj/Hex       100%       N/A       1%          3
 Animate Skeleton         Necr           24%        N/A       9%          1
 Pain                     Necr           48%        1d6       9%          1
 Sublimation of Blood     Necr           6%         N/A       14%         2
 Wereblood                Tmut           12%        N/A       14%         2
 Vampiric Draining        Necr           6%         2d6       26%         3
 Lightning Bolt           Conj/Air       29%        1d46      28%         5
 Summon Ice Beast         Ice/Summ       12%        N/A       65%         4
 Summon Mana Viper        Hex/Summ       36%        N/A       65%         5
 Monstrous Menagerie      Summ           6%         N/A       100%        7
 Summon Hydra             Summ           6%         N/A       100%        7
 Maxwell's Capacitive Co  Air            6%         ∞         100%        8

Inventory:

Hand Weapons
 a - a +2 whip of freezing {mace}
   (You took it off Pikel on level 6 of the Dungeon)
 b - a +0 hunting sling {sling}
   (You bought it in a shop on level 2 of the Dungeon)
 d - a +0 dagger {short}
   (You found it on level 1 of the Dungeon)
 l - a +3 halberd {polearm}
   (You took it off a wight on level 8 of the Dungeon)
 u - a +0 whip {mace}
   (You took it off a kobold on level 1 of the Dungeon)
 v - a +5 spear {polearm}
   (You took it off a wight on level 8 of the Dungeon)
 w - a +4 scimitar of freezing {long}
   (You took it off a wight on level 8 of the Dungeon)
 D - a +4 broad axe (weapon) {axe}
   (You found it on level 5 of the Dungeon)
 F - a +0 vorpal flail {mace}
   (You took it off an orc on level 3 of the Dungeon)
 G - a +3 halberd {polearm}
   (You took it off a gnoll on level 6 of the Dungeon)
 P - a +5 scimitar of freezing {long}
   (You took it off a wight on level 8 of the Dungeon)
 T - a +0 dagger of flaming {short}
   (You took it off an orc on level 8 of the Dungeon)
 U - a +2 spear of venom {polearm}
   (You took it off a gnoll sergeant on level 8 of the Dungeon)
Missiles
 k - 115 sling bullets
 m - 299 stones {throwing}
 o - 150 arrows
 p - 2 throwing nets {=f!fthrowing}
 t - 5 boomerangs {throwing}
 x - 87 bolts
 y - 56 poisoned darts {throwing}
 O - 3 boomerangs of dispersal {=f!fthrowing}
Armour
 e - a +0 robe
 i - a +1 cloak (worn)
   (You found it on level 1 of the Dungeon)
 z - a +1 pair of boots (worn)
   (You found it on level 3 of the Dungeon)
 C - +0 acid dragon scales (worn)
   (You took it off Maggie on level 7 of the Dungeon)
 E - a +2 pair of gloves (worn)
   (You found it on level 5 of the Dungeon)
Magical Staves
 B - a staff of death {!astaff}
   (You found it on level 5 of the Dungeon)
 H - a staff of cold {!astaff}
   (You found it on level 6 of the Dungeon)
 Q - a staff of conjuration {!a@e2staff}
   (You found it on level 12 of the Dungeon)
 S - a staff of poison {!astaff}
   (You took it off an orc priest on level 8 of the Dungeon)
Wands
 K - a wand of flame (14)
   (You found it on level 6 of the Dungeon)
 L - a wand of iceblast (5)
   (You took it off an orc warrior on level 7 of the Dungeon)
 N - a wand of mindburst (6)
   (You found it on level 7 of the Dungeon)
Scrolls
 c - 2 scrolls of amnesia
 f - 2 scrolls of teleportation {@r4}
 A - a scroll of fog
Potions
 g - 3 potions of brilliance
 h - a potion of resistance {unknown}
 j - 3 potions of degeneration {!q@e2}
 r - a potion of invisibility {unknown}
 I - a potion of attraction {unknown}
 J - a potion of mutation {!q}
 M - a potion of flight

Dungeon Overview and Level Annotations

Branches:
Dungeon (12/15)            Temple (0/1) D:7            Lair (0/6) D:8
    Orc (0/2) D:12

Shops:
D:2 *

Annotations:
D:4 1 runed translucent door, Crazy Yiuf
D:5 2 runed translucent doors, gressup's ghost, weakling KoDe

*** **,,
**,,,
*,,,*
###
*,,,*
###.##
*,,,*
#..#@##
*,,,,
###.#c#
**,,,
#..#c#
**,,
###..###
***
###..##
##..##
##..#*
##..#*
##..#**


You could see a centaur warrior and a centaur.


Message History

Unknown command.
Unknown command.
You feel better.
Your surroundings suddenly seem different.
The vampire hits you but does no damage.
The vampire barely misses you.
A vampire comes into view.
Unknown command.
Casting: Searing Ray (safe; 1% risk of failure)
Confirm with . or Enter, or press ? or * to list all spells.
Aiming: Searing Ray (safe; 1% risk of failure)
Press: ? - help, Shift-Dir - straight line, f - vampire
Aim: a vampire (83% to hit)
You feel a surge of power!
The searing ray hits the vampire but does no damage. (Press . to maintain the ray.)
The vampire completely misses you. The vampire misses you.
The searing ray hits the vampire but does no damage.
The vampire barely misses you. The vampire bites you.
* * * LOW HITPOINT WARNING * * *
The vampire draws strength from your injuries!
Unknown command.
The searing ray hits the vampire!
The vampire gestures at you while chanting.
You are confused.
You feel better.
The vampire hits you but does no damage.
The vampire closely misses you.
Unknown command.
Casting: Searing Ray (safe; 1% risk of failure)
Confirm with . or Enter, or press ? or * to list all spells.
Aiming: Searing Ray (safe; 1% risk of failure)
Press: ? - help, Shift-Dir - straight line, f/p - vampire
Aim: a vampire (moderately damaged, 83% to hit)
You feel a surge of power!
The searing ray hits the vampire! (Press . to maintain the ray.)
The vampire gestures wildly while chanting.
The vampire flickers and vanishes!
The searing ray hits something!
Reactivating autopickup.
You feel a bit more experienced.
Unknown command.
You start resting.
You start resting.
Really read
s - a scroll of magic mapping {!r}?
As you read the scroll of magic mapping {!r}, it crumbles to dust.
You feel aware of your surroundings.
Unknown command.
The centaur warrior shouts!
The centaur warrior shoots an arrow.
The arrow hits you!!
A centaur comes into view.
The centaur shouts!
Danger!
The centaur warrior shoots an arrow.
The arrow hits you!
* * * LOW HITPOINT WARNING * * *
The centaur wields a +0 shortbow.
The centaur shoots an arrow.
The arrow hits you but does no damage.
Unknown command.
The centaur warrior shoots an arrow.
The arrow barely misses you.
The centaur warrior shoots an arrow.
The arrow hits you!
* * * LOW HITPOINT WARNING * * *
Unknown command.
You feel better.
Unknown command.
You feel clever all of a sudden.
Aiming: Magic Dart (safe; 1% risk of failure)
Press: ? - help, Q - select action, (/) - cycle Shift-Dir - straight line, f - you
Okay, then.
Unknown command.
Unknown command.
Casting: Magic Dart (safe; 1% risk of failure)
Confirm with . or Enter, or press ? or * to list all spells.
Aiming: Fulminant Prism (dangerous; 3% risk of failure)
Press: ? - help, Dir - move target You feel a strong surge of power!
You miscast Fulminant Prism.
You are very lightly contaminated with residual magic.
Nothing appears to happen.
Danger!
The centaur warrior unwields a +0 longbow.
The centaur warrior wields a +0 rapier.
The centaur warrior hits you with a +0 rapier!
* * * LOW HITPOINT WARNING * * *
The centaur warrior kicks you but does no damage.
Unknown command.
You feel very mighty all of a sudden.
The centaur warrior hits you with a +0 rapier!
* * * LOW HITPOINT WARNING * * *
The centaur warrior kicks you but does no damage.
Unknown command.
D - a +4 broad axe (weapon)
{axe} The centaur warrior hits you with a +0 rapier.
* * * LOW HITPOINT WARNING * * *
The centaur warrior kicks you but does no damage.
Unknown command.
You closely miss the centaur warrior.
The centaur warrior hits you but does no damage.
The centaur warrior kicks you but does no damage.
The centaur warrior hits you with a +0 rapier!
You die...

Skill      XL: |  1  2  3  4  5  6  7  8  9 |
---------------+----------------------------+-----
Spellcasting   | 2 3 4 5 |  5.0
Conjurations   | 4 5 6 8 10 | 10.7
Hexes          | 1 3 4 5 |  5.0
Axes           | 4 6 |  6.5
Dodging        | |  1.7
Stealth        | |  1.7

Action                   |  1- 3 |  4- 6 |  7- 9 | 10-12 || total
-------------------------+-------+-------+-------+-------++-------
Melee: Whip              |    40 |       |     7 |     3 ||    50
       Flail             |       |     5 |       |       ||     5
       Broad axe         |       |       |     1 |    14 ||    15
 Fire: Hunting sling     |    35 |    64 |    74 |     4 ||   177
 Cast: Magic Dart        |    23 |       |    15 |       ||    38
       Searing Ray       |     9 |    29 |    82 |    14 ||   134
  Use: Scroll            |       |       |       |    19 ||    19
       Potion            |       |       |       |     5 ||     5
 Stab: Sleeping          |     2 |       |       |       ||     2
Armor: Robe              |     9 |     9 |       |       ||    18
       Acid dragon scale |       |       |    28 |    25 ||    53
Dodge: Dodged            |    46 |    18 |    58 |    31 ||   153

Levels and vault maps discovered:
D:1:      lightli_iron_boxes, layout_basic, ebering_ecumenical_altar_sacrificial
D:2:      layout_loops_ring, serial_shops, shop, kennysheep_generic_room_15
D:3:      minmay_inner_zag, layout_basic, grunt_ministairs_13
D:4:      layout_loops_corners, uniq_natasha, uniq_crazy_yiuf_cottage
D:5:      layout_cave_pools, ebering_ghost_sewer_f
D:6:      layout_basic, serial_bayou, serial_bayou_shore_a,
          serial_bayou_shore_b, serial_bayou_lagoon_b, serial_bayou_lagoon_a,
          uniq_pikel, uniq_prince_ribbit1
D:7:      layout_basic, nicolae_gozag_cash_rules_everything_around_me,
          minmay_temple_entry_stoned_glass, uniq_maggie
D:8:      layout_loops_cross, dpeg_oklobed_lair, kennysheep_path_1
D:9:      layout_long_grid
D:11:     layout_layer_cave
D:12:     layout_basic, orc_0_dummy, st_stairs_4,
          chequers_serial_rivers_large_a, nicolae_tso_carved_into_rock,
          uniq_psyche

Notes
Turn   | Place    | Note
-------+----------+-------------------------------------------
     0 | D:1      | Sobieck the Demigod Conjurer began the quest for the Orb.
     0 | D:1      | Reached XP level 1. HP: 14/14 MP: 5/5
   193 | D:1      | Reached skill level 2 in Spellcasting
   357 | D:1      | Reached XP level 2. HP: 20/20 MP: 3/7
   504 | D:1      | Learned a level 2 spell: Searing Ray
   532 | D:1      | Reached skill level 4 in Conjurations
   661 | D:2      | Found Ceirienumm's Assorted Antiques.
   668 | D:2      | Bought a hunting sling for 28 gold pieces
   954 | D:2      | Reached XP level 3. HP: 26/26 MP: 9/9
  1982 | D:3      | Reached skill level 3 in Spellcasting
  1982 | D:3      | Reached XP level 4. HP: 21/33 MP: 6/11
  3320 | D:4      | Reached XP level 5. HP: 35/38 MP: 10/13
  3378 | D:4      | Learned a level 4 spell: Fulminant Prism
  3383 | D:4      | Learned a level 4 spell: Iskenderun's Mystic Blast
  3472 | D:4      | Noticed Natasha
  3476 | D:4      | Killed Natasha
  3477 | D:4      | Reached skill level 5 in Conjurations
  3777 | D:4      | Found a runed translucent door.
  3778 | D:4      | Noticed Crazy Yiuf
  3895 | D:4      | Reached skill level 1 in Hexes
  4005 | D:4      | Noticed Natasha
  4008 | D:4      | Killed Natasha
  4046 | D:4      | Noticed Natasha
  4050 | D:4      | Killed Natasha
  4051 | D:4      | Reached XP level 6. HP: 45/45 MP: 8/15
  4211 | D:4      | You pick up a book of Blood and begin reading...
  4211 | D:4      | You add the spells Sublimation of Blood, Wereblood and
                  | Summon Hydra to your library.
  4247 | D:4      | Reached skill level 4 in Spellcasting
  4317 | D:4      | You pick up a book of Lightning and begin reading...
  4317 | D:4      | You add the spells Static Discharge, Lightning Bolt and
                  | Maxwell's Capacitive Coupling to your library.
  4394 | D:4      | You fall into a shaft and drop 3 floors!
  4400 | D:7      | Reached skill level 2 in Hexes
  4542 | D:7      | Noticed Maggie
  4552 | D:7      | Killed Maggie
  4553 | D:7      | Reached skill level 6 in Conjurations
  4553 | D:7      | Reached skill level 3 in Hexes
  4553 | D:7      | Reached XP level 7. HP: 50/50 MP: 5/17
  4681 | D:7      | Reached skill level 5 in Spellcasting
  5202 | D:5      | Entered Level 5 of the Dungeon
  5202 | D:5      | Found a runed translucent door.
  5221 | D:5      | You pick up a book of Necromancy and begin reading...
  5221 | D:5      | You add the spells Pain, Animate Skeleton and Vampiric
                  | Draining to your library.
  5228 | D:5      | Reached skill level 4 in Hexes
  5741 | D:5      | Reached XP level 8. HP: 57/57 MP: 12/19
  5907 | D:5      | Reached skill level 7 in Conjurations
  6054 | D:5      | Noticed gressup's ghost (weakling KoDe)
  6083 | D:5      | Found a runed translucent door.
  6100 | D:5      | Reached skill level 1 in Axes
  6271 | D:5      | Reached skill level 5 in Hexes
  6354 | D:5      | You pick up a book of Beasts and begin reading...
  6354 | D:5      | You add the spells Summon Ice Beast, Summon Mana Viper and
                  | Monstrous Menagerie to your library.
  6631 | D:6      | Noticed Pikel
  6673 | D:6      | Killed Pikel
  6674 | D:6      | Reached skill level 3 in Axes
  6674 | D:6      | Reached skill level 8 in Conjurations
  7059 | D:6      | Reached skill level 4 in Axes
  7132 | D:6      | Reached XP level 9. HP: 62/62 MP: 17/20
  7486 | D:6      | Noticed Prince Ribbit
  7495 | D:6      | Killed Prince Ribbit
  8203 | D:6      | Reached skill level 5 in Axes
  8393 | D:6      | Reached skill level 9 in Conjurations
  9002 | D:7      | Found a staircase to the Ecumenical Temple.
  9334 | D:7      | Reached skill level 10 in Conjurations
 10102 | D:8      | Reached skill level 6 in Axes
 10139 | D:8      | Reached XP level 10. HP: 66/69 MP: 17/21
 10640 | D:8      | Found a staircase to the Lair.
 11008 | D:9      | You fall into a shaft and drop 3 floors!
 11018 | D:12     | Noticed a centaur warrior
 11034 | D:11     | HP: 16/69 [centaur warrior (5)]
 11035 | D:11     | HP: 1/69 [centaur warrior/arrow (14)]
 11295 | D:11     | HP: 16/69 [centaur warrior/arrow (17)]
 11304 | D:11     | HP: 14/69 [centaur warrior (10)]
 11306 | D:11     | HP: 6/69 [centaur warrior (1)]
 11307 | D:11     | Mangled by a centaur warrior

Vanquished Creatures
  Pikel (D:6)
  Maggie (D:7)
  Prince Ribbit (D:6)
  A vampire (D:11)
  3 yaks (D:8)
  A steam dragon (D:6)
  An acid dragon (D:9)
  2 ice beasts
  3 sky beasts
  3 orc warriors
  2 ogres (D:6)
  3 centaurs
  A kobold brigand (D:7)
  4 bullfrogs
  A gnoll sergeant (D:8)
  A wyvern zombie (D:7)
  A scorpion (D:4)
  A water moccasin zombie (D:5)
  8 killer bees
  5 wights (D:8)
  An electric eel (D:6)
  A bullfrog zombie (D:5)
  3 centaur zombies
  A hound (D:4)
  2 gnoll shamans
  8 orc priests
  2 jellies
  A scorpion zombie (D:5)
  An iguana (D:5)
  Natasha (thrice) (D:4)
  6 orc wizards
  16 gnolls
  A howler monkey skeleton (D:7)
  9 adders
  A shadow imp (D:6)
  4 white imps
  An adder zombie (D:5)
  A worm (D:2)
  4 dart slugs
  22 orcs
  6 ball pythons
  4 endoplasms
  5 goblins
  5 hobgoblins
  6 jackals
  4 quokkas
  7 bats
  6 frilled lizards
  12 kobolds
  6 rats
193 creatures vanquished.

Vanquished Creatures (others)
  4 fungi (D:8)
  13 plants
17 creatures vanquished.

Grand Total: 210 creatures vanquished

Table legend:
 A = Non-vault XP
 B = Vault XP
 C = Vault XP percentage of total XP
 D = Non-vault monster count
 E = Vault monster count
 F = Vault count percentage of total count
                 A         B        C        D         E       F
            +---------+---------+-------+---------+---------+-------
      Total |    6043 |    1334 |  18.1 |     181 |      12 |   6.2
            +---------+---------+-------+---------+---------+-------
        D:1 |      29 |       0 |   0.0 |      18 |       0 |   0.0
        D:2 |      40 |       7 |  14.9 |       9 |       2 |  18.2
        D:3 |     125 |      12 |   8.8 |      26 |       6 |  18.8
        D:4 |     266 |      35 |  11.6 |      20 |       1 |   4.8
        D:5 |     835 |       0 |   0.0 |      25 |       0 |   0.0
        D:6 |    1084 |     891 |  45.1 |      16 |       2 |  11.1
        D:7 |    1365 |     389 |  22.2 |      33 |       1 |   2.9
        D:8 |    1926 |       0 |   0.0 |      32 |       0 |   0.0
        D:9 |     165 |       0 |   0.0 |       1 |       0 |   0.0
       D:11 |     208 |       0 |   0.0 |       1 |       0 |   0.0
            +---------+---------+-------+---------+---------+-------

Illustrated notes

Table legend:
 A = Kills in this place as a percentage of kills in entire the game.
 B = Kills by you in this place as a percentage of kills by you in the entire game.
 C = Kills by friends in this place as a percentage of kills by friends in the entire game.
 D = Other kills in this place as a percentage of other kills in the entire game.
 E = Experience gained in this place as a percentage of experience gained in the entire game.
 F = Experience gained in this place divided by the number of levels of this place that you have seen.
                   A       B       C       D       E      F
               +-------+-------+-------+-------+-------+----------------------
         Total | 100.0 | 100.0 |   N/A |   N/A | 100.0 | 670.6
       Dungeon | 100.0 | 100.0 |   N/A |   N/A | 100.0 | 670.6
               +-------+-------+-------+-------+-------+----------------------

Table legend: (Time is in decaauts)
 A = Elapsed time spent in this place.
 B = Non-inter-level travel time spent in this place.
 C = Inter-level travel time spent in this place.
 D = Time resting spent in this place.
 E = Time spent auto-exploring this place.
 F = Levels seen in this place.
 G = Mean time per level.
                   A        B        C        D        E       F      G
               +--------+--------+--------+--------+--------+-----+--------+
         Total |  11395 |  11099 |    296 |   2143 |   7608 |  11 | 1035.9 |
       Dungeon |  11395 |  11099 |    296 |   2143 |   7608 |  11 | 1035.9 |
               +--------+--------+--------+--------+--------+-----+--------+

Top non-repeatable levels by time:
     D:6: 2270 daAuts
     D:7: 1678 daAuts
     D:3: 1570 daAuts
     D:4: 1548 daAuts
     D:8: 1286 daAuts
     D:5: 1124 daAuts
     D:2: 944 daAuts
     D:1: 626 daAuts
    D:11: 279 daAuts
     D:9: 47 daAuts
    D:12: 18 daAuts
